Map: Catallena LE (Void)

Players

Elazer - Winner!

  • Race: Zerg Zerg
  • Spawn Location: 5:00

MacSed

  • Race: Protoss Protoss
  • Spawn Location: 12:00

Event: WCS Montreal 2017

VOD

Have the link to the VOD?

Description

Time

  • Played on: Sept. 8, 2017, 6:59 p.m.
  • Length: 7:52

All games in this series

Show
View Real Time Build Order
Export as new Build Order

Elazer Zerg - Winner!

Build Orders: Hatch First 

Get SALT Encoding   

  12  0:00  Drone  
  13  0:12  Overlord  
  13  0:17  Drone  
  14  0:30  Drone x2  
  16  0:48  Hatchery  
  15  0:51  Drone  
  15  0:54  Drone  
  17  0:58  Drone  
  18  1:08  Extractor  
  17  1:14  Spawning Pool  
  17  1:17  Drone  
  17  1:20  Drone  
  18  1:27  Drone  
  19  1:38  Overlord  
  19  1:49  Drone  
  20  2:00  Queen, Drone  
  23  2:01  Queen  
  23  2:02  Zergling x2  
  23  2:08  Metabolic Boost  
  26  2:10  Drone  
  26  2:12  Drone  
  28  2:21  Drone  
  29  2:25  Drone  
  30  2:37  Hatchery  
  30  2:41  Zergling x2  
  30  2:42  Drone  
  31  2:46  Pneumatized Carapace  
  31  2:50  Drone  
  32  2:53  Overlord  
  32  2:57  Drone  
  34  2:58  Drone  
  34  3:04  Drone  
  35  3:06  Drone  
  35  3:11  Queen  
  38  3:16  Drone  
  38  3:17  Drone  
  38  3:18  Drone x2  
  42  3:25  Overlord  
  42  3:26  Drone  
  43  3:36  Drone  
  43  3:39  Lair  
  44  3:44  Drone x2  
  44  3:45  Extractor  
  44  3:46  Extractor, Drone  
  44  3:47  Drone x4  
  49  3:51  Queen  
  49  3:55  Overlord  
  51  3:58  Drone x2  
  53  4:03  Drone x2  
  53  4:05  Overlord  
  55  4:12  Zergling x2  
  55  4:13  Zergling x4  
  58  4:17  Zergling x6  
  61  4:24  Overlord  
  61  4:29  Queen  
  63  4:32  Zergling x4  
  63  4:36  Overseer  
  65  4:39  Overlord  
  65  4:40  Hydralisk Den, Evolution Chamber  
  65  4:41  Drone x2  
  65  4:42  Drone x2  
  65  4:45  Drone x2  
  69  4:48  Drone x2  
  69  4:51  Drone x2  
  73  4:57  Overlord  
  73  4:58  Drone x2  
  75  5:01  Drone  
  76  5:10  Muscular Augments, Zerg Missile Weapons Level 1  
  75  5:16  Overlord  
  75  5:17  Drone x3  
  75  5:19  Hydralisk x2  
  75  5:21  Extractor  
  81  5:23  Hydralisk  
  81  5:24  Hydralisk  
  81  5:27  Hydralisk  
  87  5:31  Hydralisk  
  89  5:37  Overlord  
  89  5:41  Hydralisk x2  
  91  5:52  Hatchery  
  91  5:54  Hydralisk  
  91  5:55  Hydralisk  
  88  5:59  Hydralisk  
  88  6:02  Hydralisk  
  92  6:06  Overlord  
  92  6:09  Zergling x6  
  92  6:10  Zergling x2, Hydralisk  
  92  6:11  Hydralisk  
  98  6:14  Zergling x2  
  98  6:15  Zergling x8  
  105  6:21  Overlord x3  
  105  6:27  Hydralisk x3  
  105  6:32  Hydralisk  
  111  6:38  Overlord  
  112  6:40  Hydralisk x2  
  112  6:41  Zergling x4  
  114  6:48  Hydralisk  
  114  6:52  Hydralisk  
  114  6:53  Zergling x12  
  114  6:54  Zergling x2  
  125  7:06  Hydralisk x3  
  112  7:12  Zergling x8  
  99  7:16  Hydralisk x2  
  99  7:21  Hydralisk  
  99  7:22  Hydralisk  
  101  7:25  Zergling x2  
  101  7:26  Zergling x8  
  106  7:35  Zergling x8  
Show
View Real Time Build Order
Export as new Build Order

MacSed Protoss 

Build Orders: 1 Gate Expand, Zealot Archon, Archon Drop, Dark Templar Rush 

Get SALT Encoding   

  12  0:00  Probe (Chrono Boost)  
  13  0:11  Probe (Chrono Boost)  
  14  0:18  Pylon  
  14  0:22  Probe (Chrono Boost)  
  15  0:37  Probe (Chrono Boost)  
  15  0:40  Gateway  
  16  0:47  Probe (Chrono Boost)  
  16  0:49  Assimilator  
  17  0:58  Probe (Chrono Boost)  
  18  1:08  Probe (Chrono Boost)  
  19  1:25  Nexus  
  19  1:27  Probe (Chrono Boost)  
  20  1:38  Cybernetics Core  
  20  1:41  Probe (Chrono Boost)  
  20  1:46  Assimilator  
  21  1:52  Probe (Chrono Boost)  
  22  1:57  Pylon  
  22  2:02  Probe (Chrono Boost)  
  23  2:15  Probe (Chrono Boost), Stalker, Warp Gate  
  26  2:26  Mothership Core (Chrono Boost)  
  29  2:37  Probe (Chrono Boost)  
  29  2:42  Twilight Council  
  29  2:44  Probe (Chrono Boost)  
  29  2:47  Probe (Chrono Boost), Zealot  
  33  2:55  Probe (Chrono Boost)  
  33  2:58  Probe (Chrono Boost)  
  35  3:08  Robotics Facility  
  35  3:09  Probe (Chrono Boost)  
  35  3:10  Probe (Chrono Boost)  
  37  3:19  Probe (Chrono Boost)  
  38  3:21  Probe (Chrono Boost)  
  39  3:29  Dark Shrine  
  39  3:30  Probe (Chrono Boost)  
  39  3:32  Probe (Chrono Boost)  
  41  3:40  Probe (Chrono Boost)  
  42  3:42  Gateway x2  
  42  3:47  Gateway  
  42  3:49  Probe (Chrono Boost)  
  43  3:56  Warp Prism (Chrono Boost)  
  45  4:03  Probe, Pylon  
  45  4:09  Assimilator  
  46  4:12  Assimilator  
  46  4:19  Probe, Pylon  
  46  4:21  Probe  
  48  4:25  Pylon  
  48  4:30  Probe  
  48  4:33  Probe  
  50  4:40  Probe, Nexus  
  51  4:55  Dark Templar x2  
  51  4:56  Dark Templar  
  51  4:57  Dark Templar  
  51  4:59  Probe  
  60  5:09  Immortal (Chrono Boost)  
  64  5:17  Charge (Chrono Boost), Pylon  
  64  5:19  Archon  
  64  5:20  Archon  
  64  5:25  Gateway x2  
  64  5:32  Gateway  
  64  5:36  Gateway  
  64  5:40  Immortal  
  68  5:59  Sentry x3  
  68  6:00  Zealot  
  76  6:04  Probe  
  76  6:05  Pylon  
  76  6:06  Pylon  
  76  6:07  Probe x2  
  79  6:19  Pylon  
  79  6:26  Dark Templar  
  79  6:27  Dark Templar, Zealot x3  
  79  6:31  Archon  
  88  6:40  Zealot x3  
  94  6:47  Probe x2  
  94  6:50  Zealot x3  
  102  6:55  Observer  
  103  7:07  Zealot x5  
  93  7:13  Zealot x2  
  74  7:19  Zealot  
  59  7:25  Probe x2  
  63  7:31  Probe  
  64  7:38  Sentry x2  
  64  7:39  Sentry, Zealot x3  
Tags
 
Add a new tag
Caveats
  • Supply blocks, unpowered buildings, or Contaminate may cause inaccurate times.
  • Supply counts are checked every 10 seconds.